Map: Acropolis LE

Players

Mixu

  • Race: Zerg Zerg
  • Spawn Location: 11:00

HolyHit - Winner!

  • Race: Protoss Protoss
  • Spawn Location: 5:00

Event: 2019 WCS Summer

VOD

Have the link to the VOD?

Description

Time

  • Played on: July 12, 2019, 8:51 a.m.
  • Length: 9:06

All games in this series

Show
View Real Time Build Order
Export as new Build Order

Mixu Zerg 

Build Orders: Hatch First 

Get SALT Encoding   

  12  0:00  Drone  
  13  0:13  Overlord  
  13  0:18  Drone  
  14  0:31  Drone x2  
  16  0:48  Hatchery  
  15  0:51  Drone  
  15  0:55  Drone  
  17  0:59  Drone  
  18  1:10  Extractor  
  17  1:14  Spawning Pool  
  17  1:17  Drone  
  17  1:20  Drone  
  18  1:29  Drone  
  19  1:39  Drone  
  20  1:54  Overlord  
  20  2:00  Queen x2  
  24  2:01  Zergling x4  
  26  2:11  Drone  
  26  2:12  Drone  
  28  2:22  Drone x2  
  30  2:32  Hatchery  
  30  2:34  Drone  
  30  2:35  Drone  
  31  2:44  Drone  
  32  2:45  Overlord  
  32  2:48  Queen  
  34  2:54  Drone x2  
  36  3:05  Overlord  
  36  3:07  Drone  
  36  3:12  Drone x5  
  42  3:13  Drone  
  43  3:23  Overlord  
  43  3:25  Lair  
  43  3:26  Drone  
  44  3:29  Queen  
  44  3:31  Drone  
  44  3:34  Drone  
  48  3:40  Drone, Roach Warren  
  48  3:43  Drone  
  48  3:44  Drone  
  50  3:49  Queen  
  50  3:51  Drone x2  
  50  3:54  Extractor  
  50  3:55  Drone, Extractor  
  54  3:57  Drone  
  54  3:58  Drone  
  54  4:00  Drone  
  56  4:12  Spore Crawler  
  56  4:16  Drone x7, Spore Crawler  
  60  4:19  Drone x2  
  60  4:21  Drone  
  61  4:28  Glial Reconstitution  
  61  4:30  Overseer  
  61  4:34  Drone x3  
  61  4:37  Drone x2  
  66  4:48  Overlord x2  
  65  5:01  Evolution Chamber, Overlord x2  
  65  5:02  Drone  
  65  5:11  Drone x4  
  65  5:12  Drone  
  65  5:13  Drone, Roach  
  65  5:14  Roach x4  
  81  5:22  Overlord  
  81  5:24  Roach x3  
  87  5:30  Zerg Missile Weapons Level 1  
  87  5:31  Extractor x2  
  87  5:32  Drone  
  86  5:36  Drone x3  
  86  5:37  Drone x2  
  86  5:41  Roach x4  
  99  5:45  Extractor, Roach x3  
  104  5:50  Overlord  
  104  5:51  Roach  
  104  6:01  Roach x2  
  104  6:03  Drone x3  
  105  6:06  Overlord x2  
  105  6:15  Roach x4  
  113  6:19  Overlord  
  113  6:20  Drone, Overlord  
  113  6:23  Hatchery  
  119  6:25  Roach x3  
  119  6:30  Overseer  
  119  6:31  Roach  
  119  6:32  Roach  
  123  6:35  Roach  
  123  6:39  Roach x4  
  133  6:42  Overlord  
  133  6:43  Roach x2  
  132  6:55  Roach x3  
  128  7:01  Hydralisk Den  
  128  7:02  Roach x4  
  128  7:08  Roach  
  137  7:09  Overlord x2  
  137  7:21  Drone  
  137  7:22  Drone x4  
  136  7:24  Overlord  
  126  7:31  Hydralisk x6  
  126  7:35  Lurker Den  
  127  7:39  Roach x5  
  127  7:43  Hydralisk  
  117  7:47  Hydralisk  
  109  7:54  Drone x7  
  109  7:56  Drone  
  115  8:04  Drone  
  115  8:05  Drone x4  
  120  8:08  Roach x4  
  120  8:10  Hydralisk  
  130  8:13  Hydralisk  
  130  8:14  Hydralisk  
  134  8:20  Overlord  
  134  8:30  Extractor  
  134  8:31  Extractor  
  132  8:36  Drone x5  
  132  8:37  Drone x5  
  132  8:39  Hydralisk  
  132  8:40  Hydralisk x2  
  146  8:42  Hydralisk  
Show
View Real Time Build Order
Export as new Build Order

HolyHit Protoss - Winner!

Build Orders: 1 Gate Expand, Oracle Opening, Archon Immortal, Archon Drop 

Get SALT Encoding   

  12  0:00  Probe  
  13  0:12  Probe  
  14  0:18  Pylon  
  14  0:24  Probe  
  15  0:32  Probe  
  15  0:39  Gateway  
  15  0:40  Probe  
  16  0:47  Assimilator  
  17  0:51  Probe  
  18  1:03  Probe  
  19  1:15  Probe  
  20  1:24  Nexus  
  20  1:35  Cybernetics Core  
  20  1:37  Probe  
  21  1:43  Assimilator  
  21  1:49  Probe  
  21  1:51  Pylon  
  22  1:59  Probe  
  23  2:01  Adept  
  23  2:07  Probe  
  23  2:15  Probe  
  27  2:23  Stargate  
  27  2:27  Probe  
  28  2:31  Stalker  
  28  2:33  Probe  
  29  2:39  Probe  
  29  2:41  Probe, Warp Gate  
  32  2:51  Probe x2  
  34  3:02  Probe  
  34  3:03  Probe  
  36  3:08  Oracle  
  36  3:10  Probe  
  39  3:15  Probe  
  39  3:18  Probe  
  41  3:24  Pylon  
  41  3:26  Gateway  
  42  3:30  Probe  
  42  3:32  Assimilator  
  43  3:34  Assimilator  
  43  3:35  Twilight Council  
  43  3:36  Probe  
  44  3:43  Probe, Pylon  
  45  3:50  Robotics Facility  
  45  3:58  Gateway x2  
  45  3:59  Probe  
  45  4:00  Probe  
  47  4:11  Probe  
  47  4:12  Probe, Pylon  
  49  4:23  Probe  
  50  4:24  Templar Archives  
  50  4:28  Probe  
  50  4:29  Warp Prism  
  50  4:30  Adept x2  
  55  4:32  Pylon  
  57  4:46  Probe  
  58  4:53  Nexus  
  58  4:58  Pylon  
  58  4:59  Observer  
  58  5:05  Forge  
  59  5:10  Probe  
  60  5:16  Forge  
  60  5:17  Probe, Immortal  
  65  5:25  Shield Battery  
  65  5:32  High Templar x4  
  65  5:33  Probe  
  65  5:35  Protoss Ground Weapons Level 1  
  74  5:37  Archon x2  
  74  5:42  Gateway  
  74  5:45  Probe, Gateway  
  75  5:55  Charge  
  75  5:56  Probe  
  76  6:01  Immortal  
  72  6:05  Observer, Probe  
  77  6:11  Probe, Gateway  
  77  6:12  Gateway  
  77  6:16  Probe  
  79  6:19  Sentry x2  
  79  6:22  Probe  
  79  6:23  Probe  
  84  6:29  Shield Battery  
  85  6:34  Probe x2  
  85  6:36  Immortal  
  85  6:38  Probe  
  88  6:42  Zealot x3  
  88  6:44  Sentry  
  98  6:58  Probe  
  97  7:03  Pylon  
  97  7:05  Zealot x2, Pylon  
  101  7:11  Pylon  
  101  7:14  Pylon  
  101  7:15  Assimilator  
  101  7:16  Gateway  
  101  7:17  Assimilator  
  101  7:21  Probe, Zealot  
  101  7:22  Zealot x2  
  108  7:25  Zealot x4  
  108  7:28  Zealot  
  108  7:30  Probe  
  103  7:44  Probe  
  100  7:49  Immortal  
  96  7:54  Sentry x2  
  96  7:55  Sentry x2, Pylon  
  96  7:57  Probe  
  96  7:58  Probe x2  
  111  8:05  Zealot x4  
  113  8:09  Probe  
  113  8:11  Probe  
  121  8:15  Gateway  
  121  8:16  Pylon  
  121  8:17  Gateway  
  121  8:27  High Templar x2  
  121  8:28  Zealot x2  
  121  8:32  Archon  
  129  8:38  Probe  
  128  8:45  Zealot x3  
  128  8:46  Zealot x2  
  123  8:54  Zealot x2  
  125  8:58  Nexus  
Tags
 
Add a new tag
Caveats
  • Supply blocks, unpowered buildings, or Contaminate may cause inaccurate times.
  • Supply counts are checked every 10 seconds.